 Dungeon Crawl Stone Soup version 0.31.0-11-ge490571c62 (webtiles) character file.

Game seed: 1553401719088247231

46 qw the Shooter (level 3, 0/18 HPs)
             Began as a Spriggan Hunter on Feb 4, 2024.
             Slain by an adder (1 damage)
             ... on level 3 of the Dungeon.
             The game lasted 00:00:23 (1182 turns).

qw the Shooter (Spriggan Hunter)                    Turns: 1182, Time: 00:00:23

Health: 0/18       AC:  2    Str:  7    XL:     3   Next: 46%
Magic:  4/4        EV: 19    Int: 10    God:
Gold:   69         SH:  0    Dex: 20    Spells: 2/2 levels left

rFire   . . .        a - +1 shortbow
rCold   . . .        (shield currently unavailable)
rNeg    . . .        c - +0 robe
rPois   .            (helmet restricted)
rElec   .            (no cloak)
rCorr   .            (gloves unavailable)
SInv    +            (boots unavailable)
Will    .....        (no amulet)
Stlth   ++           (no ring)
HPRegen 0.23/turn    (no ring)
MPRegen 0.09/turn

%: no passive effects
@: lethally poisoned (0 -> -2), very quick
A: very small, no large weapons, unfitting armour, see invisible, speed 3
a: no special abilities


You were on level 3 of the Dungeon.
You visited 1 branch of the dungeon, and saw 3 of its levels.

You collected 69 gold pieces.


Innate Abilities, Weirdness & Mutations

You are very small and have problems with some larger weapons.
You are too small for most types of armour.
You have supernaturally acute eyesight. (SInv)
You cover ground extremely quickly. (Speed+++)


   Skills:
 - Level 1.5 Fighting
 + Level 4.7 Ranged Weapons
 - Level 4.0 Dodging
 - Level 1.5 Stealth


You had 2 spell levels left.
You didn't know any spells.
Your spell library was empty.

Inventory:

Hand Weapons
 a - a +1 shortbow (weapon)
Armour
 c - a +0 robe (worn)
Potions
 d - 4 potions of might
 g - a potion of berserk rage {unknown}

Dungeon Overview and Level Annotations

Branches:
Dungeon (3/15)

Altars:


Message History

You shoot an arrow. The arrow hits the quokka.
The quokka is heavily wounded.
The quokka misses you.
You shoot an arrow. The arrow hits the quokka.
You kill the quokka!
You start resting.
HP restored.
You climb downwards.
The adder misses you. The adder bites you.
You are poisoned.
The adder poisons you!
There is a stone staircase leading up here.
You shoot an arrow. The arrow misses the adder.
You feel sick. The adder bites you. The adder closely misses you.
You shoot an arrow. The arrow closely misses the adder.
You feel sick. The adder closely misses you.
You shoot an arrow. The arrow misses the adder.
You feel sick. The adder completely misses you. The adder barely misses you.
You shoot an arrow. The arrow closely misses the adder.
You feel sick.
You are no longer poisoned.
The adder completely misses you.
You shoot an arrow.
The arrow hits the adder but does no damage.
The adder bites you but does no damage. x2
You shoot an arrow. The arrow hits the adder!
The adder is severely wounded.
The adder bites you.
You shoot an arrow. The arrow closely misses the adder.
The adder closely misses you.
You shoot an arrow. The arrow misses the adder.
The adder bites you. x2
You are lethally poisoned!
The adder poisons you!
You shoot an arrow. The arrow barely misses the adder.
You feel sick. The adder misses you.
You shoot an arrow. The arrow misses the adder.
You feel sick. The adder completely misses you. x2
You shoot an arrow. The arrow barely misses the adder.
You feel sick. The adder bites you.
You die...

.. . #.
.. #. ..
##. #.#..
#....
##...##
#....@#
#..#...S#
#.%#.#
#.. .#
#.. .#
... ..
##.. ..
#.. #..


You could see an adder.

Vanquished Creatures
  2 dart slugs (D:1)
  4 ball pythons
  6 endoplasms
  A giant cockroach (D:1)
  5 goblins
  4 hobgoblins
  2 quokkas (D:2)
  3 bats (D:1)
  3 frilled lizards (D:1)
  5 kobolds
  5 rats
40 creatures vanquished.

Notes
Turn   | Place    | Note
-------+----------+-------------------------------------------
     0 | D:1      | qw the Spriggan Hunter began the quest for the Orb.
     0 | D:1      | Reached XP level 1. HP: 10/10 MP: 2/2
     0 | D:1      | 0 ||| qw: Version: 0.3-a-160-g6735b56
     0 | D:1      | 0 ||| qw: Game counter: 5812
     0 | D:1      | 0 ||| qw: Melee chars always use a shield: true
     0 | D:1      | 0 ||| qw: God list: Okawaru
     0 | D:1      | 0 ||| qw: Allow faded altars: false
     0 | D:1      | 0 ||| qw: Do Orc after clearing Dungeon:15 true
     0 | D:1      | 0 ||| qw: Do second Lair branch before Depths: true
     0 | D:1      | 0 ||| qw: Lair rune preference: random
     0 | D:1      | 0 ||| qw: Goals: Normal
     0 | D:1      | 0 ||| PLANNING D:1-11
    25 | D:1      | Reached skill level 3 in Dodging
    93 | D:1      | Reached XP level 2. HP: 14/14 MP: 3/3
   391 | D:1      | Reached XP level 3. HP: 13/18 MP: 4/4
   592 | D:1      | 592 ||| READING scroll labelled HOXIPUAKKO.
   593 | D:1      | 593 ||| READING scroll labelled FOABLE LOTS.
   594 | D:1      | 594 ||| READING scroll labelled RUINOA CIKLALYER.
   595 | D:1      | 595 ||| READING scroll labelled NOKAGGI DOAW.
   595 | D:1      | 595 ||| IDENTIFYING 4 lumpy grey potions
   596 | D:1      | 596 ||| READING scroll labelled LINGACK UKKU.
   596 | D:1      | 596 ||| ENCHANTING +0 shortbow.
   597 | D:1      | 597 ||| DROPPING scroll of butterflies.
  1004 | D:2      | 1004 ||| READING scroll labelled WUAL DYQIAD.
  1005 | D:2      | 1005 ||| READING scroll labelled JIKIRI FIUTEE.
  1006 | D:2      | 1006 ||| READING scroll labelled VAELAIG KUUPSIOC.
  1132 | D:3      | 1132 ||| STAIRDANCE
  1140 | D:3      | 1140 ||| STAIRDANCE
  1179 | D:3      | HP: 4/18 [adder (1)]
  1182 | D:3      | HP: 1/18 [poisoned by an adder]
  1182 | D:3      | Slain by an adder

Levels and vault maps discovered:
D:1:      eino_arrival_water_cross, layout_loops_ring, minmay_misc_feat_chi,
          minmay_split_cup_small
D:2:      layout_basic
D:3:      layout_rooms, uniq_natasha

Skill      XL: |  1  2 |
---------------+-------+-----
Dodging        | 3 4 |  4.0
Fighting       | |  1.5
Ranged Weapons | |  4.7
Stealth        | |  1.5

Action                     || total
---------------------------++-------
   Fire: Shortbow          ||   100
    Use: Scroll            ||     8
 Armour: Robe              ||    17
  Dodge: Dodged            ||    36

Table legend:
 A = Non-vault XP
 B = Vault XP
 C = Vault XP percentage of total XP
 D = Non-vault monster count
 E = Vault monster count
 F = Vault count percentage of total count
                 A         B        C        D         E       F
            +---------+---------+-------+---------+---------+-------
      Total |      61 |       6 |   9.0 |      37 |       3 |   7.5
            +---------+---------+-------+---------+---------+-------
        D:1 |      40 |       6 |  13.0 |      24 |       3 |  11.1
        D:2 |      18 |       0 |   0.0 |      11 |       0 |   0.0
        D:3 |       3 |       0 |   0.0 |       2 |       0 |   0.0
            +---------+---------+-------+---------+---------+-------
